 Dungeon Crawl Stone Soup version 0.31.0-11-ge490571c62 (webtiles) character file.

Game seed: 9214147017185161520

193 qw the Skirmisher (level 5, -4/29 HPs)
             Began as a Deep Elf Hunter on Feb 4, 2024.
             Slain by a bullfrog (5 damage)
             ... in a sewer.
             The game lasted 00:00:16 (2311 turns).

qw the Skirmisher (Deep Elf Hunter)                 Turns: 2311, Time: 00:00:16

Health: -4/29      AC:  7    Str: 10    XL:     5   Next: 43%
Magic:  7/7        EV: 11    Int: 14    God:
Gold:   182        SH:  0    Dex: 18    Spells: 4/4 levels left

rFire   . . .        a - +1 shortbow
rCold   . . .        (shield currently unavailable)
rNeg    . . .        d - +0 ring mail
rPois   .            g - +0 helmet
rElec   .            (no cloak)
rCorr   .            n - +0 pair of gloves
SInv    +            (no boots)
Will    .....        (no amulet)
Stlth   +            f - ring of see invisible
HPRegen 0.24/turn    (no ring)
MPRegen 0.10/turn

%: no passive effects
@: lethally poisoned (-4 -> -6), about to teleport
A: no striking features
a: no special abilities


You were in a sewer.
You visited 1 branch of the dungeon, and saw 3 of its levels.
You also visited: Sewer.

You collected 182 gold pieces.


   Skills:
 + Level 1.5 Fighting
 - Level 9.0 Ranged Weapons
 - Level 2.4 Dodging
 - Level 1.2 Stealth


You had 4 spell levels left.
You didn't know any spells.
Your spell library was empty.

Inventory:

Hand Weapons
 a - a +1 shortbow (weapon)
Armour
 d - a +0 ring mail (worn)
 g - a +0 helmet (worn)
 n - a +0 pair of gloves (worn)
Jewellery
 f - a ring of see invisible (left hand)
Potions
 e - 3 potions of curing
 i - a potion of enlightenment
 l - a potion of invisibility {unknown}
 m - a potion of brilliance {unknown}

Dungeon Overview and Level Annotations

Branches:
Dungeon (3/15)              Sewer (1/1)

Altars:


Message History

The frilled lizard bites you but does no damage.
The bullfrog hits you but does no damage.
The adder bites you but does no damage.
You shoot an arrow. The arrow closely misses the bullfrog.
You feel sick. The bullfrog barely misses you.
The adder bites you but does no damage.
The frilled lizard bites you but does no damage.
The bullfrog hits you but does no damage.
You shoot an arrow. The arrow hits the bullfrog!
The bullfrog is almost dead.
You feel sick.
You are no longer poisoned.
The adder bites you. The bullfrog hits you!
The frilled lizard bites you but does no damage.
The adder barely misses you. The bullfrog barely misses you.
The frilled lizard closely misses you.
You shoot an arrow. The arrow closely misses the bullfrog.
The adder bites you.
You are poisoned.
The adder poisons you! The bullfrog hits you.
The frilled lizard bites you but does no damage.
2309 ||| READING scroll of teleportation.
As you read the scroll of teleportation, it crumbles to dust.
You feel strangely unstable.
You feel sick.
The bullfrog hits you but does no damage.
The adder misses you. The bullfrog barely misses you.
The frilled lizard barely misses you. The adder misses you.
You shoot an arrow. The arrow barely misses the bullfrog.
You feel sick.
You hear a loud, deep croak!
The bullfrog hits you but does no damage.
The adder bites you but does no damage.
The frilled lizard bites you but does no damage.
Enter note:
2311 ||| RETREEEEATING.
You feel sick.
The bullfrog hits you but does no damage.
The adder completely misses you. The bullfrog hits you.
You die...

#.~~.#~~~.#~~..(|?.F~ #.~.~#
#\.~~#.~~~#~..?$?l~~~ #~~~~#
#.~~~#~~..#..~~$~~~.~ #%~.~#
##~~~##~~~#.~~..~~~l~
##~~.## #~.~~#~~%#~~l..~~~~~
##~.~~#~ ##~.~##~~##~F#
###~~~.##~
#~~~~##~~#~l#######~~~~~##~.
##~~~~#~.##FS.~..~.~~.###%~~
##~.~...~#@.~~~~~~####.~~~%
####.~~#######~\~#~~~~%~~#
##~.#~~~~.#####~%~~####
####~~~~%~%~%%~####~.\
#~~~#########~...~#
#~~~.~~.~~~~..\.###
#.~~~~.~.~..#####
#############


You could see 2 bullfrogs, an adder and 2 frilled lizards.

Vanquished Creatures
  2 river rats (D:3)
  5 adders
  9 dart slugs
  5 ribbon worms
  9 endoplasms
  7 giant cockroaches
  7 goblins
  6 hobgoblins
  2 jackals (D:3)
  2 quokkas
  18 ball pythons
  6 bats
  12 frilled lizards
  10 kobolds
  5 rats
105 creatures vanquished.

Notes
Turn   | Place    | Note
-------+----------+-------------------------------------------
     0 | D:1      | qw the Deep Elf Hunter began the quest for the Orb.
     0 | D:1      | Reached XP level 1. HP: 12/12 MP: 3/3
     0 | D:1      | 0 ||| qw: Version: 0.3-a-160-g6735b56
     0 | D:1      | 0 ||| qw: Game counter: 5879
     0 | D:1      | 0 ||| qw: Melee chars always use a shield: true
     0 | D:1      | 0 ||| qw: God list: Okawaru
     0 | D:1      | 0 ||| qw: Allow faded altars: false
     0 | D:1      | 0 ||| qw: Do Orc after clearing Dungeon:15 true
     0 | D:1      | 0 ||| qw: Do second Lair branch before Depths: true
     0 | D:1      | 0 ||| qw: Lair rune preference: random
     0 | D:1      | 0 ||| qw: Goals: Normal
     0 | D:1      | 0 ||| PLANNING D:1-11
   313 | D:1      | Reached skill level 6 in Ranged Weapons
   313 | D:1      | Reached XP level 2. HP: 16/16 MP: 4/4
   420 | D:1      | Found a faded altar of an unknown god.
   839 | D:1      | 839 ||| UPGRADING to +0 ring mail.
   849 | D:1      | 849 ||| DROPPING +0 leather armour.
   850 | D:1      | 850 ||| UPGRADING to +0 helmet.
   855 | D:1      | 855 ||| UPGRADING to ring of see invisible.
   856 | D:1      | 856 ||| READING scroll labelled VIGALEPPAL.
   856 | D:1      | 856 ||| IDENTIFYING yellow potion
   857 | D:1      | 857 ||| READING scroll labelled XAQANT AXTUSAI.
   857 | D:1      | 857 ||| ENCHANTING +0 shortbow.
   858 | D:1      | 858 ||| DROPPING scroll of butterflies.
   943 | D:2      | 943 ||| FLEEEEING.
   946 | D:2      | 946 ||| STAIRDANCE
   960 | D:2      | 960 ||| STAIRDANCE
  1014 | D:2      | Reached XP level 3. HP: 20/20 MP: 5/5
  1040 | D:2      | Reached skill level 7 in Ranged Weapons
  1548 | D:2      | 1548 ||| UPGRADING to +0 pair of gloves.
  1553 | D:2      | 1553 ||| READING scroll of identify.
  1553 | D:2      | 1553 ||| IDENTIFYING fuming golden potion
  1554 | D:2      | 1554 ||| READING 2 scrolls labelled QUISCH JIZODO.
  1555 | D:2      | 1555 ||| READING 2 scrolls labelled AZEETIX VUMMOT.
  1560 | D:2      | 1560 ||| READING scroll labelled WICUJU URAUFF.
  1561 | D:2      | 1561 ||| DRINKING 2 fuming orange potions.
  1562 | D:2      | 1562 ||| DROPPING potion of ambrosia.
  1563 | D:2      | 1563 ||| DROPPING scroll of noise.
  1604 | D:3      | 1604 ||| PLANNING SEWER
  1625 | D:3      | Reached XP level 4. HP: 25/25 MP: 6/6
  1794 | D:3      | Reached skill level 8 in Ranged Weapons
  2047 | D:3      | Found a glowing drain.
  2048 | D:3      | 2048 ||| READING scroll of identify.
  2048 | D:3      | 2048 ||| IDENTIFYING grey potion
  2049 | D:3      | 2049 ||| DROPPING potion of lignification.
  2057 | Sewer    | Entered a sewer
  2081 | Sewer    | Reached XP level 5. HP: 29/29 MP: 7/7
  2299 | Sewer    | Reached skill level 9 in Ranged Weapons
  2300 | Sewer    | 2300 ||| RETREEEEATING.
  2301 | Sewer    | 2301 ||| RETREEEEATING.
  2308 | Sewer    | HP: 6/29 [adder (2)]
  2309 | Sewer    | 2309 ||| READING scroll of teleportation.
  2309 | Sewer    | HP: 2/29 [poisoned by an adder]
  2311 | Sewer    | 2311 ||| RETREEEEATING.
  2311 | Sewer    | Slain by a bullfrog

Levels and vault maps discovered:
D:1:      nicolae_arrival_washed_ashore, layout_basic,
          hellmonk_ecumenical_altar_blasted, serial_bayou_lagoon_a,
          chequers_decorated_corner
D:2:      layout_loops_cross, minmay_fractal_squares_gapless_5
D:3:      layout_loops_ring, tgw_trog, lightli_sewer_entry_pipes,
          hangedman_decor_points, st_stairs_13
Sewer:    sewer_frog_island_02

Skill      XL: |  1  2  3  4  5 |
---------------+----------------+-----
Ranged Weapons | 6 7 8 9 |  9.0
Fighting       | |  1.5
Dodging        | |  2.4
Stealth        | |  1.2

Action                     |  1- 3 |  4- 6 || total
---------------------------+-------+-------++-------
   Fire: Shortbow          |   119 |   145 ||   264
    Use: Scroll            |     6 |     2 ||     8
         Potion            |     1 |       ||     1
 Armour: Leather armour    |     4 |       ||     4
         Ring mail         |    21 |    47 ||    68
  Dodge: Dodged            |    11 |    37 ||    48

Table legend:
 A = Non-vault XP
 B = Vault XP
 C = Vault XP percentage of total XP
 D = Non-vault monster count
 E = Vault monster count
 F = Vault count percentage of total count
                 A         B        C        D         E       F
            +---------+---------+-------+---------+---------+-------
      Total |     122 |     154 |  55.8 |      60 |      45 |  42.9
            +---------+---------+-------+---------+---------+-------
        D:1 |      36 |       0 |   0.0 |      21 |       0 |   0.0
        D:2 |      48 |       5 |   9.4 |      21 |       3 |  12.5
        D:3 |      38 |      61 |  61.6 |      18 |       8 |  30.8
      Sewer |       0 |      88 | 100.0 |       0 |      34 | 100.0
            +---------+---------+-------+---------+---------+-------
